Zazza, neutral female human Tourist # ------------ ---.---- |..........| |.......#######|........<.+ |......| #-..........| |......| |..........+ |.......#######|..........| |......| #------+----- |......| ########## -.------ # # # # ### # #### -.-.-.---- |........| |...I%.... ---------- Zazza the Sightseer Experience level: 3 Strength: 12 Dexterity: 12 Constitution: 17 Intelligence: 12 Wisdom: 8 Charisma: 14 Health: 0(26) Energy: 6(6) Def: 8 Gold: 431 Moves: 1881 Dungeon seed: SeW_d-dt5iYMwaQV Game ID: Zazza_1532846436 Your Inventory: Coins $ - 431 gold pieces Weapons a - 21 +2 darts (in quiver) x - 13 +0 darts D - a +0 dagger (weapon in hand) Armor e - an uncursed +0 Hawaiian shirt (being worn) r - an uncursed +0 orcish helm (being worn) z - an uncursed +0 splint mail (being worn) N - an uncursed +0 small shield (being worn) Comestibles b - 4 uncursed slime molds f - an uncursed melon g - 2 uncursed fortune cookies u - an uncursed tripe ration Scrolls j - 2 uncursed scrolls of magic mapping k - a blessed scroll of magic mapping o - an uncursed scroll of create monster p - an uncursed scroll of identify q - an uncursed scroll of enchant weapon F - a cursed scroll of fire Potions i - 2 uncursed potions of extra healing s - a cursed potion of extra healing t - an uncursed potion of object detection Rings w - a cursed ring of aggravate monster H - an uncursed ring of slow digestion Tools l - an expensive camera (0:71) m - an uncursed credit card n - a magic marker (0:66) v - an uncursed tin opener E - 2 blessed tallow candles (0:200) G - an uncursed skeleton key Gems y - an uncursed worthless piece of white glass Spells and supernatural/magical abilities: Name Level Category Fail Memory W - pray for help -- divine ? -- Your skills at the end: Fighting Skills Weapon Skills dart [Basic] Spellcasting Skills Final Attributes: You were devoutly aligned. You were lucky. You are dead. Vanquished creatures: an acid blob 2 hobbits a red mold a gnome a gecko 2 jackals a fox a kobold 5 goblins 3 grid bugs 3 lichens a kobold zombie 7 newts 29 creatures vanquished. Voluntary challenges: You were an atheist. You used a wielded weapon 10 times, starting on turn 1476. You read items or engraved 1 time, starting on turn 116. You never genocided any monsters. You never polymorphed an object. You never changed form. You used no wishes. You never split a pudding. You never wrote Elbereth's name. You never violated your personal moral code. Dungeon overview: The Dungeons of Doom: levels 1 to 4 Level 1 a fountain a long staircase Level 2 a general store Level 3 a general store, a sink stairs to The Gnomish Mines Level 4 <- You were here a fountain The Gnomish Mines: Level 4 stairs to The Dungeons of Doom History has recorded: On T:1 you entered the Dungeons of Doom to retrieve the Amulet of Yendor! On T:454 you reached level 2 of The Dungeons of Doom. On T:859 you advanced to experience level 2. On T:1183 you reached level 3 of The Dungeons of Doom. On T:1673 you reached level 1 of The Gnomish Mines. On T:1676 you advanced to experience level 3. On T:1786 you reached level 4 of The Dungeons of Doom. Score breakdown: Gold: 388 ( 8810 points) Experience: 3 levels ( 7878 points) Exploration: 4 levels ( 8.33%) ( 7579 points) Discoveries: 1 item ( 0.34%) ( 1737 points) Valuables value: (no points given unless you survive) Artifact value: 0 ( 0 points) Variety of kills: 13 monsters ( 3.41%) ( 5541 points) Turncount: 1881 turns ( 0 points) Survival: died (score multiplied by 80%) Total score: 25236 Latest messages: Never mind. You miss it. The homunculus bites! (2x) You miss it. The homunculus bites! You hit it. The homunculus just misses! Your movements are now unencumbered. The homunculus bites! The hobbit thrusts his runed dagger. The hobbit misses. You miss it. The homunculus misses. You miss it. The homunculus misses. The hobbit thrusts his runed dagger. The hobbit hits! You miss it. The homunculus bites! You are put to sleep! It hits! You die... Final status: Aloha Zazza the Tourist, killed by a hobbit, while sleeping... You died in The Dungeons of Doom on dungeon level 4 with 25236 points, and 431 pieces of gold, after 1881 moves. You were level 3 with a maximum of 26 hit points when you died.